 Dungeon Crawl Stone Soup version 0.25-a0-613-gf4b266557c (webtiles) character file.

Game seed: 13778126703409319527, levelgen mode: deterministic

151 Notrik the Skirmisher (level 5, 0/34 HPs)
             Began as a Gargoyle Fighter on Mar 17, 2020.
             Killed by divine providence
             ... invoked by an orc priest
              (9 damage)
             ... on level 3 of the Dungeon.
             The game lasted 00:03:07 (2489 turns).

Notrik the Skirmisher (Gargoyle Fighter)            Turns: 2489, Time: 00:03:08

Health: 0/34       AC: 14    Str: 20    XL:     5   Next: 33%
Magic:  5/5        EV:  7    Int:  9    God:
Gold:   56         SH:  9    Dex:  9    Spells: 4/4 levels left

rFire    . . .     SeeInvis .   a - +0 flail
rCold    . . .     Gourm    .   c - +0 kite shield
rNeg     + . .     Faith    .   b - +0 scale mail
rPois    ∞         Spirit   .   (no helmet)
rElec    +         Reflect  .   l - +2 cloak
rCorr    .         Harm     .   (no gloves)
MR       .....                  (no boots)
Stlth    ..........             (no amulet)
HPRegen  0.11/turn              (no ring)
MPRegen  0.09/turn              (no ring)

@: no status effects
A: negative energy resistance 1, electricity resistance, unbreathing,
petrification resistance, rot immunity, AC +4
a: no special abilities


You were on level 3 of the Dungeon.
You were not hungry.

You visited 1 branch of the dungeon, and saw 3 of its levels.

You collected 56 gold pieces.

Inventory:

Hand Weapons
 a - a +0 flail (weapon)
Armour
 b - a +0 scale mail (worn)
 c - a +0 kite shield (worn)
 l - a +2 cloak (worn)
   (You found it on level 2 of the Dungeon)
Jewellery
 h - a +3 ring of strength {unknown}
   (You found it on level 1 of the Dungeon)
 i - an uncursed ring of protection from magic {unknown}
   (You found it on level 1 of the Dungeon)
 p - an uncursed ring of protection from magic {unknown}
   (You found it on level 2 of the Dungeon)
 r - an uncursed ring of positive energy {unknown}
   (You found it on level 3 of the Dungeon)
Scrolls
 f - 2 scrolls of enchant armour {unknown}
 g - 3 scrolls of remove curse {unknown}
 m - a scroll of identify {unknown}
 n - a scroll of blinking {unknown}
 o - a scroll of immolation {unknown}
Potions
 d - a potion of might
 j - 3 potions of curing {unknown}
 k - a potion of haste {unknown}
 s - a potion of brilliance {unknown}
Comestibles
 e - 7 rations {!d}


   Skills:
 * Level 4.8 Fighting
 + Level 2.8 Maces & Flails
 + Level 4.1 Armour
 + Level 4.1 Shields


You had 4 spell levels left.
You didn't know any spells.
Your spell library was empty.

Dungeon Overview and Level Annotations

Branches:
Dungeon (3/15)

Altars:


Innate Abilities, Weirdness & Mutations

You are resistant to torment.
Your stone body is resilient. (AC +4)
You are immune to poison.
You resist negative energy. (rN+)
You are resistant to electric shocks. (rElec)
You can survive without breathing.
You are immune to petrification.
You are immune to rotting.


Message History

You kill the goblin!
No target in view!
No target in view!
No target in view!
No target in view!
No target in view!
No target in view!
No target in view!
No target in view!
No target in view!
No target in view!
No target in view!
No target in view!
No target in view!
No target in view!
No target in view!
No target in view!
A rat comes into view.
A rat is nearby!
A rat is nearby!
The rat bites you but does no damage.
You hit the rat but do no damage.
An orc priest comes into view. It is wielding a +0 dagger.
You block the rat's attack.
You completely miss the rat.
The orc priest shouts!
A quokka comes into view.
The rat bites you.
An orc comes into view.
It is wielding a +1 war axe of electrocution.
Your shield and scale mail prevent you from hitting the rat.
The orc shouts!
The rat bites you but does no damage. The rat barely misses you.
An orc comes into view. It is wielding a +0 mace.
You sock the rat!
You kill the rat!
The orc priest hits you but does no damage.
You barely miss the orc priest.
The orc priest mumbles some strange prayers to Beogh against you.
Beogh smites you!
You hear a shout!
You hit the orc priest. The orc priest closely misses you.
The orc priest invokes the aid of Beogh against you.
Beogh smites you!
* * * LOW HITPOINT WARNING * * *
You hit the orc priest but do no damage.
The orc priest hits you but does no damage.
You hit the orc priest.
The orc priest invokes the aid of Beogh against you.
Beogh smites you!
You die...

###########...####
.................+
###########...####
.# #....####... .
.### #........# ..
...#
#)##.###.##...
...# #.##.# ....
...#
#.##.###o.##..
...#
#.##..@or.....
).[#
#.######o.#...
.### #.# .# .# #.#
.. .# .. ## .# #


You could see an orc priest, 2 orcs and a quokka.

Vanquished Creatures
  An iguana (D:1)
  4 gnolls (D:2)
  An adder (D:2)
  2 oozes (D:2)
  3 worms (D:2)
  2 leopard geckos
  A ball python (D:2)
  5 bats
  A giant cockroach (D:2)
  7 hobgoblins
  7 jackals (D:1)
  12 frilled lizards
  4 goblins
  6 kobolds
  11 rats
67 creatures vanquished.

Notes
Turn   | Place    | Note
-------+----------+-------------------------------------------
     0 | D:1      | Notrik the Gargoyle Fighter began the quest for the Orb.
     0 | D:1      | Reached XP level 1. HP: 14/14 MP: 1/1
   119 | D:1      | Reached XP level 2. HP: 13/19 MP: 2/2
   807 | D:1      | Reached XP level 3. HP: 24/24 MP: 3/3
   998 | D:1      | Reached XP level 4. HP: 6/29 MP: 4/4
  1636 | D:2      | Reached XP level 5. HP: 17/34 MP: 5/5
  2489 | D:3      | Killed from afar by an orc priest

Levels and vault maps discovered:
D:1:      saegor_arrival_simple_e, layout_loops_cross
D:2:      layout_basic, first_ration, minmay_lizard_pond
D:3:      layout_loops_corners

Skill      XL: |  1  2  3  4 |
---------------+-------------+-----
Fighting       | 4 |  4.8
Armour         | 4 |  4.1
Shields        | 4 |  4.1
Maces & Flails | |  2.8

Action                   |  1- 3 |  4- 6 || total
-------------------------+-------+-------++-------
Melee: Flail             |   144 |   163 ||   307
  Eat: Chunk             |     1 |     5 ||     6
Armor: Scale mail        |   105 |   112 ||   217
Dodge: Dodged            |    65 |    65 ||   130
Block: Kite shield       |   105 |   105 ||   210

Table legend:
 A = Non-vault XP
 B = Vault XP
 C = Vault XP percentage of total XP
 D = Non-vault monster count
 E = Vault monster count
 F = Vault count percentage of total count
                 A         B        C        D         E       F
            +---------+---------+-------+---------+---------+-------
      Total |     209 |       7 |   3.2 |      60 |       7 |  10.4
            +---------+---------+-------+---------+---------+-------
        D:1 |      75 |       0 |   0.0 |      26 |       0 |   0.0
        D:2 |     122 |       7 |   5.4 |      27 |       7 |  20.6
        D:3 |      12 |       0 |   0.0 |       7 |       0 |   0.0
            +---------+---------+-------+---------+---------+-------
